Workbook

Sheet TOTAL
A1: Nit | B1: Razón social de la sociedad | C1: Clasificación Industrial Internacional Uniforme Versión 4 A.C | D1: Fecha Corte | E1: Punto Entrada | F1: Periodo | G1: Activos corrientes totales | H1: Total de activos | I1: Pasivos corrientes totales | J1: Total pasivos | K1: Patrimonio total | L1: Costos financieros | M1: Ganancia (pérdida)
A2: 800015615 | B2: =VLOOKUP(A2,[1]Carátula!A2:D2552,4,FALSE) -> MARPICO S.A. | C2: =VLOOKUP(A2,[1]Carátula!A2:F2552,6,FALSE) -> G4690 - Comercio al por mayor no especializado | D2: 43830 | E2: 10 NIIF Plenas - Individuales | F2: Periodo Actual | G2: 101525816 | H2: 139283970 | I2: 48288916 | J2: 57803989 | K2: 81479981 | L2: 1294220 | M2: 3420485
A3: 900466209 | B3: =VLOOKUP(A3,[1]Carátula!A3:D2553,4,FALSE) -> PORSCHE COLOMBIA S.A.S. | C3: =VLOOKUP(A3,[1]Carátula!A3:F2553,6,FALSE) -> G4511 - Comercio de vehículos automotores nuevos | D3: 43830 | E3: 10 NIIF Plenas - Individuales | F3: Periodo Actual | G3: 311279234 | H3: 351010703 | I3: 249827187 | J3: 259974733 | K3: 91035970 | L3: 12142239 | M3: 11359863
A4: 890904459 | B4: =VLOOKUP(A4,[1]Carátula!A4:D2554,4,FALSE) -> ACEROS MAPA S.A | C4: =VLOOKUP(A4,[1]Carátula!A4:F2554,6,FALSE) -> G4663 - Comercio al por mayor de materiales de construcción, artículos de ferretería, pinturas, productos de vidrio, equipo y materiales de fontanería y calefacción | D4: 43830 | E4: 10 NIIF Plenas - Individuales | F4: Periodo Actual | G4: 75310494 | H4: 80221412 | I4: 30490102 | J4: 40810103 | K4: 39411309 | L4: 1796569 | M4: 3205130
A5: 830040872 | B5: =VLOOKUP(A5,[1]Carátula!A5:D2555,4,FALSE) -> ACTIVIDADES DE INSTALACION Y SERVICIOS COBRA S.A. | C5: =VLOOKUP(A5,[1]Carátula!A5:F2555,6,FALSE) -> F4321 - Instalaciones eléctricas | D5: 43830 | E5: 10 NIIF Plenas - Individuales | F5: Periodo Actual | G5: 47618551 | H5: 49978113 | I5: 40774800 | J5: 47553819 | K5: 2424294 | M5: 2264852
A6: 892000709 | B6: =VLOOKUP(A6,[1]Carátula!A6:D2556,4,FALSE) -> SEMILLANO SAS | C6: =VLOOKUP(A6,[1]Carátula!A6:F2556,6,FALSE) -> A0112 - Cultivo de arroz | D6: 43830 | E6: 10 NIIF Plenas - Individuales | F6: Periodo Actual | G6: 10550843 | H6: 47125306 | I6: 4299700 | J6: 14406813 | K6: 32718493 | L6: 967985 | M6: 173955
A7: 817000808 | B7: =VLOOKUP(A7,[1]Carátula!A7:D2557,4,FALSE) -> TECNOSUR S.A.S. | C7: =VLOOKUP(A7,[1]Carátula!A7:F2557,6,FALSE) -> C1709 - Fabricación de otros artículos de papel y cartón | D7: 43830 | E7: 10 NIIF Plenas - Individuales | F7: Periodo Actual | G7: 141806142 | H7: 441212689 | I7: 90075280 | J7: 104112092 | K7: 337100597 | L7: 10991387 | M7: 45118210
A8: 890304375 | B8: =VLOOKUP(A8,[1]Carátula!A8:D2558,4,FALSE) -> INDUGRÁFICAS S.A.S. | C8: =VLOOKUP(A8,[1]Carátula!A8:F2558,6,FALSE) -> C1812 - Actividades de servicios relacionados con la impresión | D8: 43830 | E8: 10 NIIF Plenas - Individuales | F8: Periodo Actual | G8: 12356485 | H8: 16724227 | I8: 3126727 | J8: 5074394 | K8: 11649833 | L8: 602971 | M8: 1881852
A9: 817003055 | B9: =VLOOKUP(A9,[1]Carátula!A9:D2559,4,FALSE) -> TECNOFAR TQ S.A.S. | C9: =VLOOKUP(A9,[1]Carátula!A9:F2559,6,FALSE) -> C2100 - Fabricación de productos farmacéuticos, sustancias químicas medicinales y productos botánicos de uso farmacéutico | D9: 43830 | E9: 10 NIIF Plenas - Individuales | F9: Periodo Actual | G9: 111993174 | H9: 399242799 | I9: 54976403 | J9: 83243618 | K9: 315999181 | L9: 1567826 | M9: 88320309
A10: 890302608 | B10: =VLOOKUP(A10,[1]Carátula!A10:D2560,4,FALSE) -> COLOMBIANA DE ADEHESIVOS COLDESIVOS S.A.S. | C10: =VLOOKUP(A10,[1]Carátula!A10:F2560,6,FALSE) -> C2221 - Fabricación de formas básicas de plástico | D10: 43830 | E10: 10 NIIF Plenas - Individuales | F10: Periodo Actual | G10: 13051508 | H10: 14096221 | I10: 3102814 | J10: 3794317 | K10: 10301904 | L10: 289369 | M10: 560270
A11: 805003416 | B11: =VLOOKUP(A11,[1]Carátula!A11:D2561,4,FALSE) -> ADHESIVOS INTERNACIONALES ADHINTER S.A.S. | C11: =VLOOKUP(A11,[1]Carátula!A11:F2561,6,FALSE) -> C2100 - Fabricación de productos farmacéuticos, sustancias químicas medicinales y productos botánicos de uso farmacéutico | D11: 43830 | E11: 10 NIIF Plenas - Individuales | F11: Periodo Actual | G11: 17140322 | H11: 19097395 | I11: 9810308 | J11: 10557160 | K11: 8540235 | L11: 961921 | M11: 2532671
A12: 830127761 | B12: =VLOOKUP(A12,[1]Carátula!A12:D2562,4,FALSE) -> UNIQUE COLECTION S.A.S. | C12: =VLOOKUP(A12,[1]Carátula!A12:F2562,6,FALSE) -> A0125 - Cultivo de flor de corte | D12: 43830 | E12: 10 NIIF Plenas - Individuales | F12: Periodo Actual | G12: 3612419 | H12: 29843579 | I12: 2173872 | J12: 8422147 | K12: 21421432 | M12: -207211
A13: 890401427 | B13: =VLOOKUP(A13,[1]Carátula!A13:D2563,4,FALSE) -> COMPAÑÍA HOTELERA DE CARTAGENA DE INDIAS S.A. | C13: =VLOOKUP(A13,[1]Carátula!A13:F2563,6,FALSE) -> I5511 - Alojamiento en hoteles | D13: 43646 | E13: 10 NIIF Plenas - Individuales | F13: Periodo Actual | G13: 28237167 | H13: 143033261 | I13: 35401615 | J13: 49817060 | K13: 93216201 | M13: 3541758
A14: 890401427 | B14: =VLOOKUP(A14,[1]Carátula!A14:D2564,4,FALSE) -> COMPAÑÍA HOTELERA DE CARTAGENA DE INDIAS S.A. | C14: =VLOOKUP(A14,[1]Carátula!A14:F2564,6,FALSE) -> I5511 - Alojamiento en hoteles | D14: 43830 | E14: 10 NIIF Plenas - Individuales | F14: Periodo Actual | G14: 32226071 | H14: 150855977 | I14: 16437514 | J14: 57037880 | K14: 93818097 | M14: 3777771
A15: 800081105 | B15: =VLOOKUP(A15,[1]Carátula!A15:D2565,4,FALSE) -> AGROPECUARIA LOS SAMANES SA | C15: =VLOOKUP(A15,[1]Carátula!A15:F2565,6,FALSE) -> A0141 - Cría de ganado bovino y bufalino | D15: 43830 | E15: 10 NIIF Plenas - Individuales | F15: Periodo Actual | G15: 782165 | H15: 13063503 | I15: 426700 | J15: 4349566 | K15: 8713937 | L15: 147500 | M15: 462132
A16: 830031687 | B16: =VLOOKUP(A16,[1]Carátula!A16:D2566,4,FALSE) -> POLUX SUMINISTROS SAS | C16: =VLOOKUP(A16,[1]Carátula!A16:F2566,6,FALSE) -> G4651 - Comercio al por mayor de computadores, equipo periférico y programas de informática | D16: 43830 | E16: 10 NIIF Plenas - Individuales | F16: Periodo Actual | G16: 20689427 | H16: 29762263 | I16: 14638967 | J16: 27247093 | K16: 2515170 | L16: 5400286 | M16: -2184830
A17: 811045607 | B17: =VLOOKUP(A17,[1]Carátula!A17:D2567,4,FALSE) -> INVERSIONES EURO SA | C17: =VLOOKUP(A17,[1]Carátula!A17:F2567,6,FALSE) -> C1011 - Procesamiento y conservación de carne y productos cárnicos | D17: 43830 | E17: 10 NIIF Plenas - Individuales | F17: Periodo Actual | G17: 50656388 | H17: 137551337 | I17: 57286302 | J17: 101360665 | K17: 36190672 | L17: 6935685 | M17: 2332007
A18: 890201111 | B18: =VLOOKUP(A18,[1]Carátula!A18:D2568,4,FALSE) -> CONSERVAS COLOMBINA S.A. LA CONSTANCIA | C18: =VLOOKUP(A18,[1]Carátula!A18:F2568,6,FALSE) -> N8211 - Actividades combinadas de servicios administrativos de oficina | D18: 43830 | E18: 10 NIIF Plenas - Individuales | F18: Periodo Actual | G18: 4302946 | H18: 23462566 | I18: 8886623 | J18: 9182896 | K18: 14279670 | L18: 20202 | M18: 1396374
A19: 900327961 | B19: =VLOOKUP(A19,[1]Carátula!A19:D2569,4,FALSE) -> EXTRACTORA SICARARE SAS | C19: =VLOOKUP(A19,[1]Carátula!A19:F2569,6,FALSE) -> C1030 - Elaboración de aceites y grasas de origen vegetal y animal | D19: 43830 | E19: 10 NIIF Plenas - Individuales | F19: Periodo Actual | G19: 6100098 | H19: 46877118 | I19: 13899280 | J19: 18686596 | K19: 28190522 | L19: 1356634 | M19: 533252
A20: 890300329 | B20: =VLOOKUP(A20,[1]Carátula!A20:D2570,4,FALSE) -> BRITILANA BENREY S.A. | C20: =VLOOKUP(A20,[1]Carátula!A20:F2570,6,FALSE) -> L6810 - Actividades inmobiliarias realizadas con bienes propios o arrendados | D20: 43830 | E20: 10 NIIF Plenas - Individuales | F20: Periodo Actual | G20: 4220510 | H20: 28044026 | I20: 917869 | J20: 3915551 | K20: 24128475 | L20: 42984 | M20: 644419
A21: 800011002 | B21: =VLOOKUP(A21,[1]Carátula!A21:D2571,4,FALSE) -> TECNAS SA | C21: =VLOOKUP(A21,[1]Carátula!A21:F2571,6,FALSE) -> C1089 - Elaboración de otros productos alimenticios n.c.p. | D21: 43830 | E21: 10 NIIF Plenas - Individuales | F21: Periodo Actual | G21: 52572005 | H21: 93057113 | I21: 32790091 | J21: 60122894 | K21: 32934219 | L21: 5622403 | M21: 5111336
A22: 817000790 | B22: =VLOOKUP(A22,[1]Carátula!A22:D2572,4,FALSE) -> FORSA S.A | C22: =VLOOKUP(A22,[1]Carátula!A22:F2572,6,FALSE) -> C2511 - Fabricación de productos metálicos para uso estructural | D22: 43830 | E22: 10 NIIF Plenas - Individuales | F22: Periodo Actual | G22: 46527059 | H22: 89645494 | I22: 44277934 | J22: 61468833 | K22: 28176661 | L22: 4537932 | M22: 6083232
A23: 900169906 | B23: =VLOOKUP(A23,[1]Carátula!A23:D2573,4,FALSE) -> PALMAS SICARAREE SAS | C23: =VLOOKUP(A23,[1]Carátula!A23:F2573,6,FALSE) -> A0126 - Cultivo de palma para aceite (palma africana) y otros frutos oleaginosos | D23: 43830 | E23: 10 NIIF Plenas - Individuales | F23: Periodo Actual | G23: 5544269 | H23: 132293212 | I23: 11167205 | J23: 40927128 | K23: 91366084 | L23: 2224387 | M23: -2821303
A24: 900476207 | B24: =VLOOKUP(A24,[1]Carátula!A24:D2574,4,FALSE) -> UNION EUROPEA SAS | C24: =VLOOKUP(A24,[1]Carátula!A24:F2574,6,FALSE) -> G4771 - Comercio al por menor de prendas de vestir y sus accesorios (incluye artículos de piel) en establecimientos especializados | D24: 43830 | E24: 10 NIIF Plenas - Individuales | F24: Periodo Actual | G24: 3221382 | H24: 13988662 | I24: 2022915 | J24: 10099802 | K24: 3888860 | L24: 537575 | M24: 194866
A25: 800151545 | B25: =VLOOKUP(A25,[1]Carátula!A25:D2575,4,FALSE) -> IMPORTADORA ELECTRONICA S,.A IMPORTRONIC S.A. | C25: =VLOOKUP(A25,[1]Carátula!A25:F2575,6,FALSE) -> G4652 - Comercio al por mayor de equipo, partes y piezas electrónicos y de telecomunicaciones | D25: 43830 | E25: 10 NIIF Plenas - Individuales | F25: Periodo Actual | G25: 8209694 | H25: 9669885 | I25: 656517 | J25: 802105 | K25: 8867780 | L25: 0 | M25: 723324
A26: 860507991 | B26: =VLOOKUP(A26,[1]Carátula!A26:D2576,4,FALSE) -> SANTIAGO OIL COMPANY | C26: =VLOOKUP(A26,[1]Carátula!A26:F2576,6,FALSE) -> B0722 - Extracción de oro y otros metales preciosos | D26: 43830 | E26: 10 NIIF Plenas - Individuales | F26: Periodo Actual | G26: 5977364 | H26: 9807953 | I26: 2723518 | J26: 6138714 | K26: 3669239 | L26: 4972993 | M26: 6282967
... A29: 830023542 | B29: =VLOOKUP(A29,[1]Carátula!A29:D2579,4,FALSE) -> CAMARGO CORREA INFRA PROJETOS S.A SUCURSAL COLOMBIA | C29: =VLOOKUP(A29,[1]Carátula!A29:F2579,6,FALSE) -> F4290 - Construcción de otras obras de ingeniería civil | D29: 43830 | E29: 10 NIIF Plenas - Individuales | F29: Periodo Actual | G29: 127815638 | H29: 147210976 | I29: 75127213 | J29: 75127213 | K29: 72083763 | L29: 2547168 | M29: 52946463
A30: 830050369 | B30: =VLOOKUP(A30,[1]Carátula!A30:D2580,4,FALSE) -> COMERCIAL FOX SAS | C30: =VLOOKUP(A30,[1]Carátula!A30:F2580,6,FALSE) -> G4664 - Comercio al por mayor de productos químicos básicos, cauchos y plásticos en formas primarias y productos químicos de uso agropecuario | D30: 43830 | E30: 10 NIIF Plenas - Individuales | F30: Periodo Actual | G30: 10182147 | H30: 14700063 | I30: 5806181 | J30: 9404351 | K30: 5295712 | M30: 416599
A31: 900268802 | B31: =VLOOKUP(A31,[1]Carátula!A31:D2581,4,FALSE) -> VITIS OLEI SAS | C31: =VLOOKUP(A31,[1]Carátula!A31:F2581,6,FALSE) -> A0126 - Cultivo de palma para aceite (palma africana) y otros frutos oleaginosos | D31: 43830 | E31: 10 NIIF Plenas - Individuales | F31: Periodo Actual | G31: 2296258 | H31: 31048523 | I31: 4341777 | J31: 11400566 | K31: 19647957 | L31: 246427 | M31: 64405
A32: 890931708 | B32: =VLOOKUP(A32,[1]Carátula!A32:D2582,4,FALSE) -> EXTRUSIONES S.A | C32: =VLOOKUP(A32,[1]Carátula!A32:F2582,6,FALSE) -> C2219 - Fabricación de formas básicas de caucho y otros productos de caucho n.c.p. | D32: 43830 | E32: 10 NIIF Plenas - Individuales | F32: Periodo Actual | G32: 10609609 | H32: 19883218 | I32: 4079428 | J32: 6198333 | K32: 13684885 | L32: 1159392 | M32: 2349216
A33: 817000705 | B33: =VLOOKUP(A33,[1]Carátula!A33:D2583,4,FALSE) -> COLOMBINA DEL CAUCA S.A | C33: =VLOOKUP(A33,[1]Carátula!A33:F2583,6,FALSE) -> C1081 - Elaboración de productos de panadería | D33: 43830 | E33: 10 NIIF Plenas - Individuales | F33: Periodo Actual | G33: 108579156 | H33: 269431998 | I33: 76237859 | J33: 142988698 | K33: 126443300 | L33: 3129555 | M33: 45015914
A34: 900611617 | B34: =VLOOKUP(A34,[1]Carátula!A34:D2584,4,FALSE) -> AMBIOCOM S.A.S | C34: =VLOOKUP(A34,[1]Carátula!A34:F2584,6,FALSE) -> C2011 - Fabricación de sustancias y productos químicos básicos | D34: 43830 | E34: 10 NIIF Plenas - Individuales | F34: Periodo Actual | G34: 8234882 | H34: 38788647 | I34: 7958490 | J34: 31527544 | K34: 7261103 | L34: 2270783 | M34: -1073194
A35: 800060704 | B35: =VLOOKUP(A35,[1]Carátula!A35:D2585,4,FALSE) -> KAMEX INTERNATIONAL SAS | C35: =VLOOKUP(A35,[1]Carátula!A35:F2585,6,FALSE) -> C3250 - Fabricación de instrumentos, aparatos y materiales médicos y odontológicos (incluido mobiliario) | D35: 43830 | E35: 10 NIIF Plenas - Individuales | F35: Periodo Actual | G35: 20041440 | H35: 35584657 | I35: 9284278 | J35: 15994571 | K35: 19590086 | L35: 2074123 | M35: 133446
A36: 900887433 | B36: =VLOOKUP(A36,[1]Carátula!A36:D2586,4,FALSE) -> CNPX SAS | C36: =VLOOKUP(A36,[1]Carátula!A36:F2586,6,FALSE) -> M7010 - Actividades de administración empresarial | D36: 43830 | E36: 10 NIIF Plenas - Individuales | F36: Periodo Actual | G36: 3995354 | H36: 70573880 | I36: 769140 | J36: 769140 | K36: 69804740 | L36: 606659 | M36: -5721253
A37: 900580854 | B37: =VLOOKUP(A37,[1]Carátula!A37:D2587,4,FALSE) -> FARO INVESTMENTS SAS | C37: =VLOOKUP(A37,[1]Carátula!A37:F2587,6,FALSE) -> L6810 - Actividades inmobiliarias realizadas con bienes propios o arrendados | D37: 43830 | E37: 10 NIIF Plenas - Individuales | F37: Periodo Actual | G37: 4153063 | H37: 29763618 | I37: 741605 | J37: 3975059 | K37: 25788559 | L37: 140 | M37: 690809
A38: 900736003 | B38: =VLOOKUP(A38,[1]Carátula!A38:D2588,4,FALSE) -> ZONA FRANCA PIR SAS | C38: =VLOOKUP(A38,[1]Carátula!A38:F2588,6,FALSE) -> C1081 - Elaboración de productos de panadería | D38: 43830 | E38: 10 NIIF Plenas - Individuales | F38: Periodo Actual | G38: 13651279 | H38: 122616967 | I38: 38531406 | J38: 70152000 | K38: 52464967 | L38: 3798846 | M38: 1334408
A39: 890926803 | B39: =VLOOKUP(A39,[1]Carátula!A39:D2589,4,FALSE) -> ESTUDIO DE MODA SAS | C39: =VLOOKUP(A39,[1]Carátula!A39:F2589,6,FALSE) -> C1410 - Confección de prendas de vestir, excepto prendas de piel | D39: 43830 | E39: 10 NIIF Plenas - Individuales | F39: Periodo Actual | G39: 86858738 | H39: 127333219 | I39: 42380959 | J39: 74306972 | K39: 53026247 | L39: 11410700 | M39: 4639853
A40: 900229147 | B40: =VLOOKUP(A40,[1]Carátula!A40:D2590,4,FALSE) -> GRUPO MCM COLOMBIA S.A.S. | C40: =VLOOKUP(A40,[1]Carátula!A40:F2590,6,FALSE) -> K6494 - Otras actividades de distribución de fondos | D40: 43830 | E40: 10 NIIF Plenas - Individuales | F40: Periodo Actual | G40: 24729433 | H40: 326591855 | I40: 17747338 | J40: 230869866 | K40: 95721989 | M40: 8972299
A41: 900229139 | B41: =VLOOKUP(A41,[1]Carátula!A41:D2591,4,FALSE) -> MOSJAK S.A.S | C41: =VLOOKUP(A41,[1]Carátula!A41:F2591,6,FALSE) -> K6494 - Otras actividades de distribución de fondos | D41: 43830 | E41: 10 NIIF Plenas - Individuales | F41: Periodo Actual | G41: 1936 | H41: 19987168 | I41: 47529 | J41: 47529 | K41: 19939639 | M41: -22912
A42: 900229144 | B42: =VLOOKUP(A42,[1]Carátula!A42:D2592,4,FALSE) -> VIGORIS S.A.S. | C42: =VLOOKUP(A42,[1]Carátula!A42:F2592,6,FALSE) -> K6494 - Otras actividades de distribución de fondos | D42: 43830 | E42: 10 NIIF Plenas - Individuales | F42: Periodo Actual | G42: 1418 | H42: 19986650 | I42: 49072 | J42: 49072 | K42: 19937578 | M42: -22926
A43: 900537821 | B43: =VLOOKUP(A43,[1]Carátula!A43:D2593,4,FALSE) -> RED INDUSTRIAL COLOMBIANA SAS | C43: =VLOOKUP(A43,[1]Carátula!A43:F2593,6,FALSE) -> C1090 - Elaboración de alimentos preparados para animales | D43: 43830 | E43: 10 NIIF Plenas - Individuales | F43: Periodo Actual | G43: 2167317 | H43: 12820421 | I43: 2999723 | J43: 4982994 | K43: 7837427 | L43: 189344 | M43: 1062699
A44: 811020804 | B44: =VLOOKUP(A44,[1]Carátula!A44:D2594,4,FALSE) -> CONALTURA CONSTRUCCION Y VIVIENDA S.A | C44: =VLOOKUP(A44,[1]Carátula!A44:F2594,6,FALSE) -> F4111 - Construcción de edificios residenciales | D44: 43830 | E44: 10 NIIF Plenas - Individuales | F44: Periodo Actual | G44: 453690923 | H44: 470456435 | I44: 56922446 | J44: 357207937 | K44: 113248498 | L44: 4552329 | M44: 25434781
A45: 901156112 | B45: =VLOOKUP(A45,[1]Carátula!A45:D2595,4,FALSE) -> BOTANAS S.A.S. | C45: =VLOOKUP(A45,[1]Carátula!A45:F2595,6,FALSE) -> C1089 - Elaboración de otros productos alimenticios n.c.p. | D45: 43830 | E45: 10 NIIF Plenas - Individuales | F45: Periodo Actual | G45: 1726939 | H45: 5593974 | I45: 1788130 | J45: 3846808 | K45: 1747166 | L45: 182264 | M45: -892838
A46: 891856718 | B46: =VLOOKUP(A46,[1]Carátula!A46:D2596,4,FALSE) -> DUFLO SERVICIOS INTEGRALES SAS | C46: =VLOOKUP(A46,[1]Carátula!A46:F2596,6,FALSE) -> I5611 - Expendio a la mesa de comidas preparadas | D46: 43830 | E46: 10 NIIF Plenas - Individuales | F46: Periodo Actual | G46: 99379871 | H46: 118802734 | I46: 38957896 | J46: 55092380 | K46: 63710354 | L46: 1243170 | M46: -629025
A47: 900877501 | B47: =VLOOKUP(A47,[1]Carátula!A47:D2597,4,FALSE) -> TURMALINA MATE SAS | C47: =VLOOKUP(A47,[1]Carátula!A47:F2597,6,FALSE) -> M7010 - Actividades de administración empresarial | D47: 43830 | E47: 10 NIIF Plenas - Individuales | F47: Periodo Actual | G47: 93082528 | H47: 139489554 | I47: 17658024 | J47: 17658024 | K47: 121831530 | L47: 1112 | M47: 14091697
A48: 890113304 | B48: =VLOOKUP(A48,[1]Carátula!A48:D2598,4,FALSE) -> INDUSTRIAL GIESEKEN Y CIA S. EN C. | C48: =VLOOKUP(A48,[1]Carátula!A48:F2598,6,FALSE) -> I5512 - Alojamiento en apartahoteles | D48: 43830 | E48: 10 NIIF Plenas - Individuales | F48: Periodo Actual | G48: 153419 | H48: 1855508 | I48: 410746 | J48: 665600 | K48: 1189908 | M48: 7597
A49: 860511886 | B49: =VLOOKUP(A49,[1]Carátula!A49:D2599,4,FALSE) -> INDUSTRIAS LA CORUNA SAS | C49: =VLOOKUP(A49,[1]Carátula!A49:F2599,6,FALSE) -> C1020 - Procesamiento y conservación de frutas, legumbres, hortalizas y tubérculos | D49: 43830 | E49: 10 NIIF Plenas - Individuales | F49: Periodo Actual | G49: 22793527 | H49: 37165458 | I49: 13135281 | J49: 24020278 | K49: 13145180 | L49: 1185040 | M49: 2035186
A50: 800068713 | B50: =VLOOKUP(A50,[1]Carátula!A50:D2600,4,FALSE) -> Oleoducto de Colombia S.A. | C50: =VLOOKUP(A50,[1]Carátula!A50:F2600,6,FALSE) -> H4930 - Transporte por tuberías | D50: 43830 | E50: 10 NIIF Plenas - Individuales | F50: Periodo Actual | G50: 297582797 | H50: 663666125 | I50: 135417725 | J50: 240768146 | K50: 422897979 | M50: 178302133
A51: 900129331 | B51: =VLOOKUP(A51,[1]Carátula!A51:D2601,4,FALSE) -> EMC INFORMATION SYSTEMS COLOMBIA LTDA | C51: =VLOOKUP(A51,[1]Carátula!A51:F2601,6,FALSE) -> J6202 - Actividades de consultoría informática y actividades de administración de instalaciones informáticas | D51: 43830 | E51: 10 NIIF Plenas - Individuales | F51: Periodo Actual | G51: 141935510 | H51: 143476456 | I51: 42418762 | J51: 75300923 | K51: 68175533 | M51: 12634147
A52: 900432307 | B52: =VLOOKUP(A52,[1]Carátula!A52:D2602,4,FALSE) -> SAC BE VENTURES COLOMBIA S A S | C52: =VLOOKUP(A52,[1]Carátula!A52:F2602,6,FALSE) -> I5511 - Alojamiento en hoteles | D52: 43830 | E52: 10 NIIF Plenas - Individuales | F52: Periodo Actual | G52: 12827413 | H52: 165346543 | I52: 2096467 | J52: 2096467 | K52: 163250076 | L52: 116083 | M52: 117574
A53: 900017447 | B53: =VLOOKUP(A53,[1]Carátula!A53:D2603,4,FALSE) -> FALABELLA DE COLOMBIA S.A. | C53: =VLOOKUP(A53,[1]Carátula!A53:F2603,6,FALSE) -> G4719 - Comercio al por menor en establecimientos no especializados, con surtido compuesto principalmente por productos diferentes de alimentos (víveres en general), bebidas y tabaco | D53: 43830 | E53: 10 NIIF Plenas - Individuales | F53: Periodo Actual | G53: 651901318 | H53: 1399599143 | I53: 565655929 | J53: 1086892817 | K53: 312706326 | L53: 66735699 | M53: 8086406
A54: 830146410 | B54: =VLOOKUP(A54,[1]Carátula!A54:D2604,4,FALSE) -> EXXONMOBIL EXPLORATION COLOMBIA LIMITED | C54: =VLOOKUP(A54,[1]Carátula!A54:F2604,6,FALSE) -> B0610 - Extracción de petróleo crudo | D54: 43830 | E54: 10 NIIF Plenas - Individuales | F54: Periodo Actual | G54: 14808252 | H54: 244147249 | I54: 11697805 | J54: 11954797 | K54: 232192452 | L54: 0 | M54: -12072162
A55: 800203758 | B55: =VLOOKUP(A55,[1]Carátula!A55:D2605,4,FALSE) -> CHT COLOMBIANA LTDA | C55: =VLOOKUP(A55,[1]Carátula!A55:F2605,6,FALSE) -> G4690 - Comercio al por mayor no especializado | D55: 43830 | E55: 10 NIIF Plenas - Individuales | F55: Periodo Actual | G55: 40315306 | H55: 44849751 | I55: 15385500 | J55: 15441370 | K55: 29408381 | L55: 137525 | M55: 5942322
A56: 900375704 | B56: =VLOOKUP(A56,[1]Carátula!A56:D2606,4,FALSE) -> CONDOMINIO LA TOSCANA SAS | C56: =VLOOKUP(A56,[1]Carátula!A56:F2606,6,FALSE) -> F4111 - Construcción de edificios residenciales | D56: 43830 | E56: 10 NIIF Plenas - Individuales | F56: Periodo Actual | G56: 16875596 | H56: 18772009 | I56: 5118113 | J56: 18345824 | K56: 426185 | L56: 143388 | M56: 10485
A57: 817000724 | B57: =VLOOKUP(A57,[1]Carátula!A57:D2607,4,FALSE) -> METREX SA | C57: =VLOOKUP(A57,[1]Carátula!A57:F2607,6,FALSE) -> C2651 - Fabricación de equipo de medición, prueba, navegación y control | D57: 43830 | E57: 10 NIIF Plenas - Individuales | F57: Periodo Actual | G57: 19645270 | H57: 31281165 | I57: 16494608 | J57: 19541831 | K57: 11739334 | L57: 6247946 | M57: 2063071
A58: 800137960 | B58: =VLOOKUP(A58,[1]Carátula!A58:D2608,4,FALSE) -> EFICACIA SA | C58: =VLOOKUP(A58,[1]Carátula!A58:F2608,6,FALSE) -> N8299 - Otras actividades de servicio de apoyo a las empresas n.c.p. | D58: 43830 | E58: 10 NIIF Plenas - Individuales | F58: Periodo Actual | G58: 78141507 | H58: 101515061 | I58: 76392731 | J58: 85114336 | K58: 16400725 | L58: 2860402 | M58: 5070336
A59: 900495729 | B59: =VLOOKUP(A59,[1]Carátula!A59:D2609,4,FALSE) -> MODA HOME S.A.S. | C59: =VLOOKUP(A59,[1]Carátula!A59:F2609,6,FALSE) -> G4759 - Comercio al por menor de otros artículos domésticos en establecimientos especializados | D59: 43830 | E59: 10 NIIF Plenas - Individuales | F59: Periodo Actual | G59: 5754176 | H59: 26579105 | I59: 11490977 | J59: 23819284 | K59: 2759821 | L59: 2026823 | M59: 777679
A60: 900591504 | B60: =VLOOKUP(A60,[1]Carátula!A60:D2610,4,FALSE) -> PACIFIC PROPERTIES S.A.S. | C60: =VLOOKUP(A60,[1]Carátula!A60:F2610,6,FALSE) -> L6810 - Actividades inmobiliarias realizadas con bienes propios o arrendados | D60: 43830 | E60: 10 NIIF Plenas - Individuales | F60: Periodo Actual | G60: 549750 | H60: 8500562 | I60: 1791354 | J60: 8460464 | K60: 40098 | L60: 639115 | M60: -716997
A61: 900118612 | B61: =VLOOKUP(A61,[1]Carátula!A61:D2611,4,FALSE) -> COMERCIALIZADORA INTERNACIONAL DE METALES PRECIOSOS DE COLOMBIA S.A. | C61: =VLOOKUP(A61,[1]Carátula!A61:F2611,6,FALSE) -> G4662 - Comercio al por mayor de metales y productos metalíferos | D61: 43830 | E61: 10 NIIF Plenas - Individuales | F61: Periodo Actual | G61: 35678987 | H61: 45202499 | I61: 28282299 | J61: 31589178 | K61: 13613321 | L61: 6051954 | M61: 1946650
A62: 830048328 | B62: =VLOOKUP(A62,[1]Carátula!A62:D2612,4,FALSE) -> ORAFA S.A. | C62: =VLOOKUP(A62,[1]Carátula!A62:F2612,6,FALSE) -> G4774 - Comercio al por menor de otros productos nuevos en establecimientos especializados | D62: 43830 | E62: 10 NIIF Plenas - Individuales | F62: Periodo Actual | G62: 11473739 | H62: 58193827 | I62: 9119167 | J62: 15780824 | K62: 42413003 | L62: 2307044 | M62: 2307613
A63: 800069103 | B63: =VLOOKUP(A63,[1]Carátula!A63:D2613,4,FALSE) -> CI EXPORDENT SA | C63: =VLOOKUP(A63,[1]Carátula!A63:F2613,6,FALSE) -> G4645 - Comercio al por mayor de productos farmacéuticos, medicinales, cosméticos y de tocador | D63: 43830 | E63: 10 NIIF Plenas - Individuales | F63: Periodo Actual | G63: 6489259 | H63: 6518492 | I63: 5457131 | J63: 5457131 | K63: 1061361 | M63: 109135
A64: 900494134 | B64: =VLOOKUP(A64,[1]Carátula!A64:D2614,4,FALSE) -> REAL PROPERTIES S.A.S. | C64: =VLOOKUP(A64,[1]Carátula!A64:F2614,6,FALSE) -> N7730 - Alquiler y arrendamiento de otros tipos de maquinaria, equipo y bienes tangibles n.c.p. | D64: 43830 | E64: 10 NIIF Plenas - Individuales | F64: Periodo Actual | G64: 5343408 | H64: 16064513 | I64: 3565552 | J64: 10750317 | K64: 5314196 | L64: 726084 | M64: 1568546
A65: 830074222 | B65: =VLOOKUP(A65,[1]Carátula!A65:D2615,4,FALSE) -> SYNGENTA SA | C65: =VLOOKUP(A65,[1]Carátula!A65:F2615,6,FALSE) -> C2021 - Fabricación de plaguicidas y otros productos químicos de uso agropecuario | D65: 43830 | E65: 10 NIIF Plenas - Individuales | F65: Periodo Actual | G65: 305579401 | H65: 384051400 | I65: 238233608 | J65: 238584102 | K65: 145467298 | L65: 25900897 | M65: 15669126
A66: 900154981 | B66: =VLOOKUP(A66,[1]Carátula!A66:D2616,4,FALSE) -> A&D PROYECTOS S.A.S. | C66: =VLOOKUP(A66,[1]Carátula!A66:F2616,6,FALSE) -> M7110 - Actividades de arquitectura e ingeniería y otras actividades conexas de consultoría técnica | D66: 43830 | E66: 10 NIIF Plenas - Individuales | F66: Periodo Actual | G66: 3215538 | H66: 10305920 | I66: 8791741 | J66: 9776711 | K66: 529209 | L66: 120577 | M66: 492047
A67: 860074408 | B67: =VLOOKUP(A67,[1]Carátula!A67:D2617,4,FALSE) -> SERO SERVICIOS OCASIONALES S.A.S. | C67: =VLOOKUP(A67,[1]Carátula!A67:F2617,6,FALSE) -> N7820 - Actividades de agencias de empleo temporal | D67: 43830 | E67: 10 NIIF Plenas - Individuales | F67: Periodo Actual | G67: 6849673 | H67: 8369087 | I67: 4397040 | J67: 4435771 | K67: 3933316 | L67: 154715 | M67: 167064
A68: 900232961 | B68: =VLOOKUP(A68,[1]Carátula!A68:D2618,4,FALSE) -> TENDENZA NOVA S.A.S. | C68: =VLOOKUP(A68,[1]Carátula!A68:F2618,6,FALSE) -> G4771 - Comercio al por menor de prendas de vestir y sus accesorios (incluye artículos de piel) en establecimientos especializados | D68: 43830 | E68: 10 NIIF Plenas - Individuales | F68: Periodo Actual | G68: 9331747 | H68: 45683442 | I68: 10105474 | J68: 41682695 | K68: 4000747 | L68: 4085966 | M68: 1768478
A69: 900155619 | B69: =VLOOKUP(A69,[1]Carátula!A69:D2619,4,FALSE) -> ESPACIO Y ESTILO SAS | C69: =VLOOKUP(A69,[1]Carátula!A69:F2619,6,FALSE) -> L6810 - Actividades inmobiliarias realizadas con bienes propios o arrendados | D69: 43830 | E69: 10 NIIF Plenas - Individuales | F69: Periodo Actual | G69: 5880233 | H69: 76182194 | I69: 11298329 | J69: 71996182 | K69: 4186012 | L69: 5489168 | M69: 317885
A70: 900610705 | B70: =VLOOKUP(A70,[1]Carátula!A70:D2620,4,FALSE) -> ENERGY LIVING S.A.S. | C70: =VLOOKUP(A70,[1]Carátula!A70:F2620,6,FALSE) -> F4111 - Construcción de edificios residenciales | D70: 43830 | E70: 10 NIIF Plenas - Individuales | F70: Periodo Actual | G70: 1913080 | H70: 1913080 | I70: 1347838 | J70: 1747428 | K70: 165652 | L70: 0 | M70: -11463
A71: 806007838 | B71: =VLOOKUP(A71,[1]Carátula!A71:D2621,4,FALSE) -> GUARDIAN DE COLOMBIA SAS | C71: =VLOOKUP(A71,[1]Carátula!A71:F2621,6,FALSE) -> G4663 - Comercio al por mayor de materiales de construcción, artículos de ferretería, pinturas, productos de vidrio, equipo y materiales de fontanería y calefacción | D71: 43830 | E71: 10 NIIF Plenas - Individuales | F71: Periodo Actual | G71: 16246159 | H71: 16264924 | I71: 4921937 | J71: 5192028 | K71: 11072896 | L71: 126335 | M71: -1380296
A72: 811018613 | B72: =VLOOKUP(A72,[1]Carátula!A72:D2622,4,FALSE) -> POLINYLON S.A. | C72: =VLOOKUP(A72,[1]Carátula!A72:F2622,6,FALSE) -> G4641 - Comercio al por mayor de productos textiles, productos confeccionados para uso doméstico | D72: 43830 | E72: 10 NIIF Plenas - Individuales | F72: Periodo Actual | G72: 36689586 | H72: 39728018 | I72: 22589472 | J72: 22935164 | K72: 16792854 | L72: 2730009 | M72: 1412929
A73: 900089104 | B73: =VLOOKUP(A73,[1]Carátula!A73:D2623,4,FALSE) -> Enlace Opertativo S.A.. | C73: =VLOOKUP(A73,[1]Carátula!A73:F2623,6,FALSE) -> J6311 - Procesamiento de datos, alojamiento (hosting) y actividades relacionadas | D73: 43830 | E73: 10 NIIF Plenas - Individuales | F73: Periodo Actual | G73: 23966312 | H73: 26462262 | I73: 4355093 | J73: 4361225 | K73: 22101037 | L73: 366806 | M73: 4219819
A74: 900163045 | B74: =VLOOKUP(A74,[1]Carátula!A74:D2624,4,FALSE) -> 2CEETTV | C74: =VLOOKUP(A74,[1]Carátula!A74:F2624,6,FALSE) -> J6020 - Actividades de programación y transmisión de televisión | D74: 43830 | E74: 10 NIIF Plenas - Individuales | F74: Periodo Actual | G74: 9233021 | H74: 23797246 | I74: 54579110 | J74: 55106864 | K74: -31309618 | L74: 2920114 | M74: -10676378
A75: 811014812 | B75: =VLOOKUP(A75,[1]Carátula!A75:D2625,4,FALSE) -> Constructora Borinquen SAS | C75: =VLOOKUP(A75,[1]Carátula!A75:F2625,6,FALSE) -> F4111 - Construcción de edificios residenciales | D75: 43830 | E75: 10 NIIF Plenas - Individuales | F75: Periodo Actual | G75: 11615178 | H75: 11914299 | I75: 4060553 | J75: 8272804 | K75: 3641495 | L75: 25241 | M75: 187080
... A90: 900467959 | B90: =VLOOKUP(A90,[1]Carátula!A90:D2640,4,FALSE) -> "TEMATEXTIL SAS " | C90: =VLOOKUP(A90,[1]Carátula!A90:F2640,6,FALSE) -> G4771 - Comercio al por menor de prendas de vestir y sus accesorios (incluye artículos de piel) en establecimientos especializados | D90: 43830 | E90: 10 NIIF Plenas - Individuales | F90: Periodo Actual | G90: 2187405 | H90: 14938193 | I90: 5592170 | J90: 13772281 | K90: 1165912 | L90: 1139577 | M90: 665912
A91: 816000011 | B91: =VLOOKUP(A91,[1]Carátula!A91:D2641,4,FALSE) -> TREJOS RESTREPO ASOCIADOS LIMITADA | C91: =VLOOKUP(A91,[1]Carátula!A91:F2641,6,FALSE) -> M6920 - Actividades de contabilidad, teneduría de libros, auditoría financiera y asesoría tributaria | D91: 43830 | E91: 10 NIIF Plenas - Individuales | F91: Periodo Actual | G91: 841058 | H91: 1032992 | I91: 269273 | J91: 269273 | K91: 763719 | M91: 58908
A92: 830116122 | B92: =VLOOKUP(A92,[1]Carátula!A92:D2642,4,FALSE) -> SADINSA S.A. | C92: =VLOOKUP(A92,[1]Carátula!A92:F2642,6,FALSE) -> M7010 - Actividades de administración empresarial | D92: 43830 | E92: 10 NIIF Plenas - Individuales | F92: Periodo Actual | G92: 1415760 | H92: 4577392 | I92: 665959 | J92: 1552860 | K92: 3024532 | M92: -252358
A93: 900104083 | B93: =VLOOKUP(A93,[1]Carátula!A93:D2643,4,FALSE) -> ESADINCO S.A. | C93: =VLOOKUP(A93,[1]Carátula!A93:F2643,6,FALSE) -> K6494 - Otras actividades de distribución de fondos | D93: 43830 | E93: 10 NIIF Plenas - Individuales | F93: Periodo Actual | G93: 1149136 | H93: 531860753 | I93: 49847508 | J93: 49847508 | K93: 482013245 | M93: -273007
A94: 900256235 | B94: =VLOOKUP(A94,[1]Carátula!A94:D2644,4,FALSE) -> POPULAR SECURITIES S.A. | C94: =VLOOKUP(A94,[1]Carátula!A94:F2644,6,FALSE) -> K6494 - Otras actividades de distribución de fondos | D94: 43830 | E94: 10 NIIF Plenas - Individuales | F94: Periodo Actual | G94: 4687783 | H94: 4687783 | I94: 971 | J94: 971 | K94: 4686812 | M94: -129392
A95: 890909034 | B95: =VLOOKUP(A95,[1]Carátula!A95:D2645,4,FALSE) -> JAVIER LONDOÑO SAS | C95: =VLOOKUP(A95,[1]Carátula!A95:F2645,6,FALSE) -> F4111 - Construcción de edificios residenciales | D95: 43830 | E95: 10 NIIF Plenas - Individuales | F95: Periodo Actual | G95: 93961729 | H95: 99037462 | I95: 48161143 | J95: 89341988 | K95: 9695474 | M95: 786481
A96: 800093056 | B96: =VLOOKUP(A96,[1]Carátula!A96:D2646,4,FALSE) -> BIC COLOMBIA SAS | C96: =VLOOKUP(A96,[1]Carátula!A96:F2646,6,FALSE) -> G4690 - Comercio al por mayor no especializado | D96: 43830 | E96: 10 NIIF Plenas - Individuales | F96: Periodo Actual | G96: 11407583 | H96: 11407583 | I96: 11699068 | J96: 11699068 | K96: -291485 | L96: 1200634 | M96: -9660659
A97: 890914515 | B97: =VLOOKUP(A97,[1]Carátula!A97:D2647,4,FALSE) -> SOCODA SAS | C97: =VLOOKUP(A97,[1]Carátula!A97:F2647,6,FALSE) -> C3110 - Fabricación de muebles | D97: 43830 | E97: 10 NIIF Plenas - Individuales | F97: Periodo Actual | G97: 29929357 | H97: 81841450 | I97: 29980298 | J97: 49160200 | K97: 32681250 | L97: 6930283 | M97: 1228330
A98: 830065157 | B98: =VLOOKUP(A98,[1]Carátula!A98:D2648,4,FALSE) -> LEADERSEARCH S.A.S. | C98: =VLOOKUP(A98,[1]Carátula!A98:F2648,6,FALSE) -> N7830 - Otras actividades de suministro de recurso humano | D98: 43830 | E98: 10 NIIF Plenas - Individuales | F98: Periodo Actual | G98: 16799009 | H98: 22302782 | I98: 20484609 | J98: 20484609 | K98: 1818173 | L98: 67206 | M98: 405071
A99: 900340007 | B99: =VLOOKUP(A99,[1]Carátula!A99:D2649,4,FALSE) -> PROCESOS INDUSTRIALES REUTILIZABLES LTDA | C99: =VLOOKUP(A99,[1]Carátula!A99:F2649,6,FALSE) -> G4665 - Comercio al por mayor de desperdicios, desechos y chatarra | D99: 43830 | E99: 10 NIIF Plenas - Individuales | F99: Periodo Actual | G99: 1904331 | H99: 2505855 | I99: 1073447 | J99: 2091513 | K99: 414342 | M99: 81466
A100: 900072847 | B100: =VLOOKUP(A100,[1]Carátula!A100:D2650,4,FALSE) -> GNE Soluciones S.A.S. | C100: =VLOOKUP(A100,[1]Carátula!A100:F2650,6,FALSE) -> G4731 - Comercio al por menor de combustible para automotores | D100: 43830 | E100: 10 NIIF Plenas - Individuales | F100: Periodo Actual | G100: 23502052 | H100: 96622386 | I100: 29995845 | J100: 47537632 | K100: 49084754 | L100: 2567097 | M100: 1799321
A101: 900179968 | B101: =VLOOKUP(A101,[1]Carátula!A101:D2651,4,FALSE) -> Silesia Colombia Ltda | C101: =VLOOKUP(A101,[1]Carátula!A101:F2651,6,FALSE) -> G4631 - Comercio al por mayor de productos alimenticios | D101: 43830 | E101: 10 NIIF Plenas - Individuales | F101: Periodo Actual | G101: 6583748 | H101: 8043283 | I101: 1612345 | J101: 1667906 | K101: 6375377 | L101: 393753 | M101: 392601
A102: 860045187 | B102: =VLOOKUP(A102,[1]Carátula!A102:D2652,4,FALSE) -> TELESTUDIO S.A. | C102: =VLOOKUP(A102,[1]Carátula!A102:F2652,6,FALSE) -> K6494 - Otras actividades de distribución de fondos | D102: 43830 | E102: 10 NIIF Plenas - Individuales | F102: Periodo Actual | G102: 214796 | H102: 214796 | I102: 19 | J102: 19 | K102: 214777 | M102: -14678
A103: 817000727 | B103: =VLOOKUP(A103,[1]Carátula!A103:D2653,4,FALSE) -> Clarios del Pacífico S.A.S. | C103: =VLOOKUP(A103,[1]Carátula!A103:F2653,6,FALSE) -> C2229 - Fabricación de artículos de plástico n.c.p. | D103: 43830 | E103: 10 NIIF Plenas - Individuales | F103: Periodo Actual | G103: 32902554 | H103: 50815898 | I103: 6491186 | J103: 7678840 | K103: 43137058 | L103: 51062 | M103: 4984751
A104: 800026845 | B104: =VLOOKUP(A104,[1]Carátula!A104:D2654,4,FALSE) -> OCATI SA | C104: =VLOOKUP(A104,[1]Carátula!A104:F2654,6,FALSE) -> G4631 - Comercio al por mayor de productos alimenticios | D104: 43830 | E104: 10 NIIF Plenas - Individuales | F104: Periodo Actual | G104: 10982015 | H104: 21587743 | I104: 9293522 | J104: 9400183 | K104: 12187560 | L104: 824577 | M104: 1954039
A105: 830018214 | B105: =VLOOKUP(A105,[1]Carátula!A105:D2655,4,FALSE) -> MPS MAYORISTA DE COLOMBIA SA | C105: =VLOOKUP(A105,[1]Carátula!A105:F2655,6,FALSE) -> G4651 - Comercio al por mayor de computadores, equipo periférico y programas de informática | D105: 43830 | E105: 10 NIIF Plenas - Individuales | F105: Periodo Actual | G105: 342406768 | H105: 356546806 | I105: 310829534 | J105: 319043051 | K105: 37503755 | L105: 5271383 | M105: 9608234
A106: 901145410 | B106: =VLOOKUP(A106,[1]Carátula!A106:D2656,4,FALSE) -> POWER TRAIN TECHNOLOGIES COLOMBIA S.A.S | C106: =VLOOKUP(A106,[1]Carátula!A106:F2656,6,FALSE) -> C3312 - Mantenimiento y reparación especializado de maquinaria y equipo | D106: 43830 | E106: 10 NIIF Plenas - Individuales | F106: Periodo Actual | G106: 4655759 | H106: 5450937 | I106: 4678147 | J106: 4678147 | K106: 772790 | L106: 187705 | M106: 148305
A107: 900407432 | B107: =VLOOKUP(A107,[1]Carátula!A107:D2657,4,FALSE) -> L&C SAS | C107: =VLOOKUP(A107,[1]Carátula!A107:F2657,6,FALSE) -> I5611 - Expendio a la mesa de comidas preparadas | D107: 43830 | E107: 10 NIIF Plenas - Individuales | F107: Periodo Actual | G107: 10052606 | H107: 92061553 | I107: 24074989 | J107: 81566163 | K107: 10495390 | L107: 4011809 | M107: 10471
A108: 860090342 | B108: =VLOOKUP(A108,[1]Carátula!A108:D2658,4,FALSE) -> SCHADEL LTDA SCHALIN DEL VECCHIO LTDA | C108: =VLOOKUP(A108,[1]Carátula!A108:F2658,6,FALSE) -> C1040 - Elaboración de productos lácteos | D108: 43830 | E108: 10 NIIF Plenas - Individuales | F108: Periodo Actual | G108: 7982467 | H108: 18306857 | I108: 7720569 | J108: 10252568 | K108: 8054289 | L108: 246200 | M108: 525951
A109: 900491050 | B109: =VLOOKUP(A109,[1]Carátula!A109:D2659,4,FALSE) -> PERI SAS | C109: =VLOOKUP(A109,[1]Carátula!A109:F2659,6,FALSE) -> N7730 - Alquiler y arrendamiento de otros tipos de maquinaria, equipo y bienes tangibles n.c.p. | D109: 43830 | E109: 10 NIIF Plenas - Individuales | F109: Periodo Actual | G109: 22730868 | H109: 64718620 | I109: 5226513 | J109: 40337902 | K109: 24380718 | L109: 4114419 | M109: 258898
A110: 860029002 | B110: =VLOOKUP(A110,[1]Carátula!A110:D2660,4,FALSE) -> CIRCULO DE VIAJES UNIVERSAL SA | C110: =VLOOKUP(A110,[1]Carátula!A110:F2660,6,FALSE) -> N7990 - Otros servicios de reserva y actividades relacionadas | D110: 43830 | E110: 10 NIIF Plenas - Individuales | F110: Periodo Actual | G110: 204684270 | H110: 601614784 | I110: 160743387 | J110: 587015542 | K110: 14599242 | M110: -499536
A111: 900305303 | B111: =VLOOKUP(A111,[1]Carátula!A111:D2661,4,FALSE) -> MADINSP COLOMBIA | C111: =VLOOKUP(A111,[1]Carátula!A111:F2661,6,FALSE) -> M7120 - Ensayos y análisis técnicos | D111: 43830 | E111: 10 NIIF Plenas - Individuales | F111: Periodo Actual | G111: 101579 | H111: 7401626 | I111: 30171 | J111: 6209732 | K111: 1191894 | M111: -293646
A112: 830102401 | B112: =VLOOKUP(A112,[1]Carátula!A112:D2662,4,FALSE) -> ANASAC COLOMBIA LTDA | C112: =VLOOKUP(A112,[1]Carátula!A112:F2662,6,FALSE) -> G4664 - Comercio al por mayor de productos químicos básicos, cauchos y plásticos en formas primarias y productos químicos de uso agropecuario | D112: 43830 | E112: 10 NIIF Plenas - Individuales | F112: Periodo Actual | G112: 34943080 | H112: 38456928 | I112: 33859260 | J112: 34174215 | K112: 4282713 | L112: 1271807 | M112: -4098912
A113: 830039568 | B113: =VLOOKUP(A113,[1]Carátula!A113:D2663,4,FALSE) -> ASTRAZENECA COLOMBIA S.A.S | C113: =VLOOKUP(A113,[1]Carátula!A113:F2663,6,FALSE) -> G4645 - Comercio al por mayor de productos farmacéuticos, medicinales, cosméticos y de tocador | D113: 43830 | E113: 10 NIIF Plenas - Individuales | F113: Periodo Actual | G113: 135385991 | H113: 151929600 | I113: 110043411 | J113: 111611465 | K113: 40318135 | M113: 9505792
A114: 860079968 | B114: =VLOOKUP(A114,[1]Carátula!A114:D2664,4,FALSE) -> CIRCULO DE LECTORES S.A.S. | C114: =VLOOKUP(A114,[1]Carátula!A114:F2664,6,FALSE) -> G4761 - Comercio al por menor de libros, periódicos, materiales y artículos de papelería y escritorio, en establecimientos especializados | D114: 43830 | E114: 10 NIIF Plenas - Individuales | F114: Periodo Actual | G114: 3841642 | H114: 3841642 | I114: 2537178 | J114: 6948209 | K114: -3106567 | L114: 9762 | M114: -849887
A115: 900226802 | B115: =VLOOKUP(A115,[1]Carátula!A115:D2665,4,FALSE) -> PROMOTORA MEGABODEGAS SA | C115: =VLOOKUP(A115,[1]Carátula!A115:F2665,6,FALSE) -> F4112 - Construcción de edificios no residenciales | D115: 43830 | E115: 10 NIIF Plenas - Individuales | F115: Periodo Actual | G115: 8025939 | H115: 8025939 | I115: 600357 | J115: 600357 | K115: 7425582 | M115: -39676
A116: 900646912 | B116: =VLOOKUP(A116,[1]Carátula!A116:D2666,4,FALSE) -> Caltek S.A.S. | C116: =VLOOKUP(A116,[1]Carátula!A116:F2666,6,FALSE) -> C2394 - Fabricación de cemento, cal y yeso | D116: 43830 | E116: 10 NIIF Plenas - Individuales | F116: Periodo Actual | G116: 11415861 | H116: 131700993 | I116: 17085412 | J116: 82967192 | K116: 48733801 | L116: 6134618 | M116: -7487658
...

Sheet DATOS
A1: Nit | B1: Razón social de la sociedad | C1: Clasificación Industrial Internacional Uniforme Versión 4 A.C | D1: Fecha Corte | E1: Punto Entrada | F1: Periodo | G1: Activos corrientes totales | H1: Total de activos | I1: Pasivos corrientes totales | J1: Total pasivos | K1: Patrimonio total | L1: Costos financieros | M1: Ganancia (pérdida)
A2: 800015615 | B2: MARPICO S.A. | C2: G4690 - Comercio al por mayor no especializado | D2: 43830 | E2: 10 NIIF Plenas - Individuales | F2: Periodo Actual | G2: 101525816 | H2: 139283970 | I2: 48288916 | J2: 57803989 | K2: 81479981 | L2: 1294220 | M2: 3420485
A3: 800203758 | B3: CHT COLOMBIANA LTDA | C3: G4690 - Comercio al por mayor no especializado | D3: 43830 | E3: 10 NIIF Plenas - Individuales | F3: Periodo Actual | G3: 40315306 | H3: 44849751 | I3: 15385500 | J3: 15441370 | K3: 29408381 | L3: 137525 | M3: 5942322
A4: 800093056 | B4: BIC COLOMBIA SAS | C4: G4690 - Comercio al por mayor no especializado | D4: 43830 | E4: 10 NIIF Plenas - Individuales | F4: Periodo Actual | G4: 11407583 | H4: 11407583 | I4: 11699068 | J4: 11699068 | K4: -291485 | L4: 1200634 | M4: -9660659
A5: 900348431 | B5: AUSTRAL IMPORT COLOMBIA SAS | C5: G4690 - Comercio al por mayor no especializado | D5: 43830 | E5: 10 NIIF Plenas - Individuales | F5: Periodo Actual | G5: 12177934 | H5: 20502415 | I5: 6770653 | J5: 28239726 | K5: -7737311 | L5: 5345249 | M5: -3819613
A6: 860051688 | B6: PRODUCTOS DE SEGURIDAD SA EN REORGANIZACION | C6: C3290 - Otras industrias manufactureras n.c.p. | D6: 43830 | E6: 10 NIIF Plenas - Individuales | F6: Periodo Actual | G6: 19070680 | H6: 31301235 | I6: 2809959 | J6: 16314142 | K6: 14987093 | L6: 579225 | M6: 345383
A7: 805024696 | B7: LINCE COMERCIAL SAS | C7: G4690 - Comercio al por mayor no especializado | D7: 43830 | E7: 10 NIIF Plenas - Individuales | F7: Periodo Actual | G7: 32224342 | H7: 36403273 | I7: 22624665 | J7: 30348844 | K7: 6054429 | M7: 947585
A8: 811043026 | B8: ESSENTIALL S.A.S. | C8: G4690 - Comercio al por mayor no especializado | D8: 43830 | E8: 10 NIIF Plenas - Individuales | F8: Periodo Actual | G8: 14433325 | H8: 16053335 | I8: 9037689 | J8: 9327640 | K8: 6725695 | L8: 575139 | M8: 2967774
A9: 890101279 | B9: CONTINENTE SAS | C9: G4690 - Comercio al por mayor no especializado | D9: 43830 | E9: 10 NIIF Plenas - Individuales | F9: Periodo Actual | G9: 150202611 | H9: 182390115 | I9: 111761644 | J9: 119080036 | K9: 63310079 | L9: 5562831 | M9: 2050870
A10: 830054377 | B10: PROVEER SURAMERICANA LTDA | C10: G4690 - Comercio al por mayor no especializado | D10: 43830 | E10: 10 NIIF Plenas - Individuales | F10: Periodo Actual | G10: 7133685 | H10: 10495737 | I10: 4302403 | J10: 5288084 | K10: 5207653 | L10: 175485 | M10: 834262
A11: 890201311 | B11: LEN IMPORTACIONES LTDA | C11: G4690 - Comercio al por mayor no especializado | D11: 43830 | E11: 10 NIIF Plenas - Individuales | F11: Periodo Actual | G11: 102533034 | H11: 125158657 | I11: 46979239 | J11: 48119073 | K11: 77039584 | L11: 2311723 | M11: 8499758
A12: 817002589 | B12: METECNO DE COLOMBIA S.A. | C12: C3290 - Otras industrias manufactureras n.c.p. | D12: 43830 | E12: 10 NIIF Plenas - Individuales | F12: Periodo Actual | G12: 34353657 | H12: 78927691 | I12: 31580158 | J12: 39008414 | K12: 39919277 | L12: 6939535 | M12: -1770000
A13: 890914614 | B13: VOESTALPINE HIGH PERFORMANCE METALS COLOMBIA S.A. | C13: G4690 - Comercio al por mayor no especializado | D13: 43830 | E13: 10 NIIF Plenas - Individuales | F13: Periodo Actual | G13: 14750403 | H13: 24334742 | I13: 17206796 | J13: 17981367 | K13: 6353375 | L13: 1145704 | M13: -1020048
A14: 900235610 | B14: COMPAÑIA LATINOAMERICANA DE SEGURIDAD INDUSTRIAL SAS | C14: C3290 - Otras industrias manufactureras n.c.p. | D14: 43830 | E14: 10 NIIF Plenas - Individuales | F14: Periodo Actual | G14: 19189215 | H14: 37978274 | I14: 735504 | J14: 848110 | K14: 37130164 | L14: 915645 | M14: 5048917
A15: 830044180 | B15: FINART SAS | C15: C3290 - Otras industrias manufactureras n.c.p. | D15: 43830 | E15: 10 NIIF Plenas - Individuales | F15: Periodo Actual | G15: 21380692 | H15: 24424705 | I15: 12208271 | J15: 12208271 | K15: 12216434 | L15: 530857 | M15: 1912723
A16: 860013809 | B16: PRODENVASES SAS | C16: C3290 - Otras industrias manufactureras n.c.p. | D16: 43830 | E16: 10 NIIF Plenas - Individuales | F16: Periodo Actual | G16: 56438222 | H16: 104301886 | I16: 53912778 | J16: 71153712 | K16: 33148174 | L16: 3114287 | M16: 3420065
A17: 901153631 | B17: PREMIUM CANS SAS | C17: C3290 - Otras industrias manufactureras n.c.p. | D17: 43830 | E17: 10 NIIF Plenas - Individuales | F17: Periodo Actual | G17: 7124842 | H17: 13429024 | I17: 7092830 | J17: 13828462 | K17: -399438 | L17: 811555 | M17: -1211668
A18: 805023269 | B18: TESA TAPE COLOMBIA LIMITADA | C18: G4690 - Comercio al por mayor no especializado | D18: 43830 | E18: 10 NIIF Plenas - Individuales | F18: Periodo Actual | G18: 27403616 | H18: 29864387 | I18: 18978784 | J18: 18978784 | K18: 10885603 | L18: 1739444 | M18: 1577220
A19: 890915475 | B19: EMPAQUETADURAS Y EMPAQUES S.A. | C19: G4690 - Comercio al por mayor no especializado | D19: 43830 | E19: 10 NIIF Plenas - Individuales | F19: Periodo Actual | G19: 68562224 | H19: 110523650 | I19: 40812070 | J19: 68542725 | K19: 41980925 | L19: 4211887 | M19: 5888833
A20: 900059238 | B20: MAKRO SUPERMAYORISTA S.A.S | C20: G4690 - Comercio al por mayor no especializado | D20: 43830 | E20: 10 NIIF Plenas - Individuales | F20: Periodo Actual | G20: 300775994 | H20: 1221079379 | I20: 498833282 | J20: 545206251 | K20: 675873128 | M20: -30022071
A21: 900293899 | B21: SOMFY COLOMBIA SAS | C21: G4690 - Comercio al por mayor no especializado | D21: 43830 | E21: 10 NIIF Plenas - Individuales | F21: Periodo Actual | G21: 2787486 | H21: 3003124 | I21: 4147656 | J21: 4147656 | K21: -1144532 | L21: 1575 | M21: -181677
A22: 890301918 | B22: PEPSI COLA COLOMBIA LTDA | C22: G4690 - Comercio al por mayor no especializado | D22: 43830 | E22: 10 NIIF Plenas - Individuales | F22: Periodo Actual | G22: 109704649 | H22: 112296800 | I22: 59350441 | J22: 59350441 | K22: 52946359 | L22: 11901258 | M22: 6010948
A23: 900132203 | B23: CARESTREAM HEALTH COLOMBIA LTDA | C23: G4690 - Comercio al por mayor no especializado | D23: 43830 | E23: 10 NIIF Plenas - Individuales | F23: Periodo Actual | G23: 21926001 | H23: 22492336 | I23: 6007986 | J23: 6870661 | K23: 15621675 | L23: 222246 | M23: -1344680
A24: 900158401 | B24: AGFA HEALTHCARE COLOMBIA LTDA | C24: G4690 - Comercio al por mayor no especializado | D24: 43830 | E24: 10 NIIF Plenas - Individuales | F24: Periodo Actual | G24: 12883448 | H24: 16675929 | I24: 6115421 | J24: 6435035 | K24: 10240894 | L24: 137359 | M24: 2010396
A25: 900156826 | B25: OFIXPRES SAS | C25: G4690 - Comercio al por mayor no especializado | D25: 43830 | E25: 10 NIIF Plenas - Individuales | F25: Periodo Actual | G25: 51551119 | H25: 58714869 | I25: 24814804 | J25: 26907943 | K25: 31806926 | L25: 137106 | M25: 39713
A26: 890905360 | B26: HA BICICLETAS SA | C26: G4690 - Comercio al por mayor no especializado | D26: 43830 | E26: 10 NIIF Plenas - Individuales | F26: Periodo Actual | G26: 391418156 | H26: 410498078 | I26: 58223934 | J26: 64628793 | K26: 345869285 | L26: 2985075 | M26: 57499766
A27: 900963642 | B27: BECKMAN COULTER COLOMBIA S.A. S. | C27: G4690 - Comercio al por mayor no especializado | D27: 43830 | E27: 10 NIIF Plenas - Individuales | F27: Periodo Actual | G27: 20943058 | H27: 45273564 | I27: 25922209 | J27: 25922209 | K27: 19351355 | L27: 920514 | M27: -3721642
A28: 830047819 | B28: Coca-Cola Bebidas de Colombia | C28: G4690 - Comercio al por mayor no especializado | D28: 43830 | E28: 10 NIIF Plenas - Individuales | F28: Periodo Actual | G28: 142208083 | H28: 187203748 | I28: 106818454 | J28: 157434929 | K28: 29768819 | M28: 6739909
A29: 800008151 | B29: ELECTRICOS IMPORTADOS SA EIMPSA | C29: G4690 - Comercio al por mayor no especializado | D29: 43830 | E29: 10 NIIF Plenas - Individuales | F29: Periodo Actual | G29: 20746580 | H29: 34043692 | I29: 18632716 | J29: 22883456 | K29: 11160236 | L29: 737277 | M29: -142536
A30: 860029978 | B30: SC JOHNSON & SON COLOMBIANA S.A. | C30: G4690 - Comercio al por mayor no especializado | D30: 43830 | E30: 10 NIIF Plenas - Individuales | F30: Periodo Actual | G30: 62844436 | H30: 68255149 | I30: 34984577 | J30: 35495808 | K30: 32759341 | L30: 4594448 | M30: 4090278
A31: 830143035 | B31: ICU MEDICAL COLOMBIA LIMITADA | C31: G4690 - Comercio al por mayor no especializado | D31: 43830 | E31: 10 NIIF Plenas - Individuales | F31: Periodo Actual | G31: 41234397 | H31: 128334646 | I31: 36006324 | J31: 37251888 | K31: 91082758 | L31: 1198205 | M31: 1345599
A32: 830095934 | B32: INVESTA HOLDING SAS | C32: C3290 - Otras industrias manufactureras n.c.p. | D32: 43830 | E32: 10 NIIF Plenas - Individuales | F32: Periodo Actual | G32: 548853 | H32: 33247850 | I32: 167869 | J32: 399567 | K32: 32848283 | L32: 9 | M32: -25176
A33: 860008445 | B33: TECNIALAMBRE SA | C33: C3290 - Otras industrias manufactureras n.c.p. | D33: 43830 | E33: 10 NIIF Plenas - Individuales | F33: Periodo Actual | G33: 10444178 | H33: 22493831 | I33: 9510903 | J33: 16043697 | K33: 6450134 | L33: 1668456 | M33: 302543
A34: 860002595 | B34: NEWELL BRANDS DE COLOMBIA SAS | C34: G4690 - Comercio al por mayor no especializado | D34: 43830 | E34: 10 NIIF Plenas - Individuales | F34: Periodo Actual | G34: 187215000 | H34: 200063511 | I34: 71136082 | J34: 72719173 | K34: 127344338 | L34: 21906996 | M34: 3415287
A35: 800130144 | B35: BURICA SA | C35: G4690 - Comercio al por mayor no especializado | D35: 43830 | E35: 10 NIIF Plenas - Individuales | F35: Periodo Actual | G35: 11888299 | H35: 30984757 | I35: 4611633 | J35: 12079479 | K35: 18905278 | M35: 1201406
A36: 900053261 | B36: ILUMAX SA | C36: G4690 - Comercio al por mayor no especializado | D36: 43830 | E36: 10 NIIF Plenas - Individuales | F36: Periodo Actual | G36: 14251008 | H36: 14700089 | I36: 6766505 | J36: 6893866 | K36: 7806223 | L36: 88186 | M36: 97384
A37: 890304345 | B37: ELECTRICOS DEL VALLE | C37: G4690 - Comercio al por mayor no especializado | D37: 43830 | E37: 10 NIIF Plenas - Individuales | F37: Periodo Actual | G37: 25914001 | H37: 34436213 | I37: 20382986 | J37: 24018269 | K37: 10417944 | L37: 728243 | M37: 1659383
A38: 900136900 | B38: MARCEGAGLIA COLOMBIA SAS | C38: C3290 - Otras industrias manufactureras n.c.p. | D38: 43830 | E38: 10 NIIF Plenas - Individuales | F38: Periodo Actual | G38: 9577992 | H38: 17347107 | I38: 5534151 | J38: 10727186 | K38: 6619921 | L38: 632897 | M38: -2606836
A39: 800166656 | B39: SUMICAL DE ANTIOQUIA SAS | C39: G4690 - Comercio al por mayor no especializado | D39: 43830 | E39: 10 NIIF Plenas - Individuales | F39: Periodo Actual | G39: 3391370 | H39: 3467367 | I39: 1517847 | J39: 1527973 | K39: 1939394 | L39: 15665 | M39: 271376
A40: 830032559 | B40: FLINT INK DE COLOMBIA LTDA | C40: G4690 - Comercio al por mayor no especializado | D40: 43830 | E40: 10 NIIF Plenas - Individuales | F40: Periodo Actual | G40: 13736469 | H40: 15600322 | I40: 4765818 | J40: 5703966 | K40: 9896356 | L40: 451538 | M40: -44236
A41: 860500862 | B41: ROCHEM BIOCARE COLOMBIA SAS | C41: G4690 - Comercio al por mayor no especializado | D41: 43830 | E41: 10 NIIF Plenas - Individuales | F41: Periodo Actual | G41: 14363213 | H41: 68846559 | I41: 8421934 | J41: 44919472 | K41: 23927087 | L41: 3786983 | M41: 1383151
A42: 830075976 | B42: Tyco Services S.A | C42: G4690 - Comercio al por mayor no especializado | D42: 43830 | E42: 10 NIIF Plenas - Individuales | F42: Periodo Actual | G42: 67494117 | H42: 67615178 | I42: 61533268 | J42: 61533268 | K42: 6081910 | L42: 1409760 | M42: -7986926
A43: 800005260 | B43: INDUSTRIAS INVERSIONES Y SERVICIOS DELRIO SAS | C43: G4690 - Comercio al por mayor no especializado | D43: 43830 | E43: 10 NIIF Plenas - Individuales | F43: Periodo Actual | G43: 55743911 | H43: 63894269 | I43: 20328727 | J43: 21952570 | K43: 41941699 | L43: 1387941 | M43: 10464259
A44: 800254270 | B44: SOLVAY PEROXIDOS DE COLOMBIA SAS | C44: G4690 - Comercio al por mayor no especializado | D44: 43830 | E44: 10 NIIF Plenas - Individuales | F44: Periodo Actual | G44: 17311587 | H44: 28207203 | I44: 8274821 | J44: 10998496 | K44: 17208707 | L44: 1298918 | M44: 1188918
A45: 800219189 | B45: REPRESENTACIONES EURODENT SAS | C45: G4690 - Comercio al por mayor no especializado | D45: 43830 | E45: 10 NIIF Plenas - Individuales | F45: Periodo Actual | G45: 24422067 | H45: 41742513 | I45: 16440034 | J45: 25502534 | K45: 16239979 | L45: 0 | M45: 771031
A46: 800040182 | B46: BODEGA ILUSION SAS | C46: G4690 - Comercio al por mayor no especializado | D46: 43830 | E46: 10 NIIF Plenas - Individuales | F46: Periodo Actual | G46: 3983850 | H46: 6389594 | I46: 1184554 | J46: 2692623 | K46: 3696971 | L46: 0 | M46: 168048
A47: 816004182 | B47: PENTAGRAMA SAS | C47: C3290 - Otras industrias manufactureras n.c.p. | D47: 43830 | E47: 10 NIIF Plenas - Individuales | F47: Periodo Actual | G47: 28003167 | H47: 36837246 | I47: 10296240 | J47: 23636270 | K47: 13200976 | L47: 3107249 | M47: 2198006
A48: 900121676 | B48: DIGITAL DEPOT DE COLOMBIA S.A. EN REORGANIZACION | C48: G4690 - Comercio al por mayor no especializado | D48: 43830 | E48: 10 NIIF Plenas - Individuales | F48: Periodo Actual | G48: 7980215 | H48: 13175066 | I48: 3661734 | J48: 4431482 | K48: 8743584 | M48: -81039
A49: 830025281 | B49: ANNAR DIAGNOSTICA IMPORT SAS | C49: G4690 - Comercio al por mayor no especializado | D49: 43830 | E49: 10 NIIF Plenas - Individuales | F49: Periodo Actual | G49: 88543433 | H49: 154624944 | I49: 34607693 | J49: 74671698 | K49: 79953246 | L49: 3181809 | M49: 7163648
A50: 860508392 | B50: SERVIOPTICA SAS | C50: G4690 - Comercio al por mayor no especializado | D50: 43830 | E50: 10 NIIF Plenas - Individuales | F50: Periodo Actual | G50: 99844673 | H50: 128921133 | I50: 51303876 | J50: 51303876 | K50: 77617257 | L50: 10690350 | M50: 8739595
A51: 900388092 | B51: edding colombia sas | C51: C3290 - Otras industrias manufactureras n.c.p. | D51: 43830 | E51: 10 NIIF Plenas - Individuales | F51: Periodo Actual | G51: 15447046 | H51: 17510807 | I51: 19667139 | J51: 20042164 | K51: -2531357 | L51: 2620876 | M51: -2649923
A52: 900538786 | B52: "BABY UNIVERSE S.A.S. " EN LIQUIDACIÓN. | C52: G4690 - Comercio al por mayor no especializado | D52: 43830 | E52: 10 NIIF Plenas - Individuales | F52: Periodo Actual | G52: 763309 | H52: 763309 | I52: 125507 | J52: 125507 | K52: 637802 | L52: 88481 | M52: 606591
A53: 890110294 | B53: CENTRAL DE SOLDADURAS Y PROTECCION INDUSTRIAL S.A. | C53: G4690 - Comercio al por mayor no especializado | D53: 43830 | E53: 10 NIIF Plenas - Individuales | F53: Periodo Actual | G53: 39708586 | H53: 40557626 | I53: 13240433 | J53: 18360602 | K53: 22197024 | L53: 3128531 | M53: 438099
A54: 890900395 | B54: JUAN NEUSTADTEL SAS | C54: G4690 - Comercio al por mayor no especializado | D54: 43830 | E54: 10 NIIF Plenas - Individuales | F54: Periodo Actual | G54: 50600423 | H54: 53096824 | I54: 22624131 | J54: 23746179 | K54: 29350645 | L54: 3873087 | M54: 5255393
A55: 800167200 | B55: ESPUMAS SANTAFE DE BOGOTA SAS | C55: C3290 - Otras industrias manufactureras n.c.p. | D55: 43830 | E55: 10 NIIF Plenas - Individuales | F55: Periodo Actual | G55: 45146842 | H55: 80264165 | I55: 31488843 | J55: 38868513 | K55: 41395652 | L55: 5276056 | M55: 1366825
A56: 900156499 | B56: REFRACTARIOS MAGNESITA COLOMBIA S.A.S | C56: G4690 - Comercio al por mayor no especializado | D56: 43830 | E56: 10 NIIF Plenas - Individuales | F56: Periodo Actual | G56: 52040070 | H56: 60465799 | I56: 19905572 | J56: 28219477 | K56: 32246322 | M56: 5950862
A57: 900227842 | B57: BEST LUCK SA EN REORGANIZACION | C57: G4690 - Comercio al por mayor no especializado | D57: 43830 | E57: 10 NIIF Plenas - Individuales | F57: Periodo Actual | G57: 16350821 | H57: 141227204 | I57: 6489245 | J57: 66308053 | K57: 74919151 | M57: -630240
A58: 890922586 | B58: TEXCOMERCIAL - TEXCO S.A.S. | C58: G4690 - Comercio al por mayor no especializado | D58: 43830 | E58: 20 NIIF Plenas - Separados | F58: Periodo Actual | G58: 57790597 | H58: 60322843 | I58: 29899094 | J58: 32299397 | K58: 28023446 | L58: 6821162 | M58: 2459309
A59: 890321924 | B59: CINTAS ANDINAS DE COLOMBIA S.A. | C59: C3290 - Otras industrias manufactureras n.c.p. | D59: 43830 | E59: 20 NIIF Plenas - Separados | F59: Periodo Actual | G59: 25773590 | H59: 49170460 | I59: 13218478 | J59: 33434383 | K59: 15736077 | L59: 2413940 | M59: 136496
A60: 890921335 | B60: LAUMAYER COLOMBIANA COMERCIALIZADORA S.A. | C60: G4690 - Comercio al por mayor no especializado | D60: 43830 | E60: 20 NIIF Plenas - Separados | F60: Periodo Actual | G60: 26606648 | H60: 36906758 | I60: 16383952 | J60: 22183784 | K60: 14722974 | L60: 914779 | M60: 524884
A61: 811006722 | B61: INGREDIENTES Y PRODUCTOS FUNCIONALES S.A.S. | C61: G4690 - Comercio al por mayor no especializado | D61: 43830 | E61: 20 NIIF Plenas - Separados | F61: Periodo Actual | G61: 30990041 | H61: 59745896 | I61: 27808950 | J61: 33654718 | K61: 26091178 | L61: 2009295 | M61: 5873204
A62: 800078108 | B62: MORE PRODUCTS SA | C62: G4690 - Comercio al por mayor no especializado | D62: 43830 | E62: 20 NIIF Plenas - Separados | F62: Periodo Actual | G62: 42580786 | H62: 58448293 | I62: 34575050 | J62: 41220998 | K62: 17227295 | L62: 7342435 | M62: 1498675
A63: 890318919 | B63: VALLECILLA B Y VALLECILLA M | C63: G4690 - Comercio al por mayor no especializado | D63: 43830 | E63: 20 NIIF Plenas - Separados | F63: Periodo Actual | G63: 127269261 | H63: 259100051 | I63: 77664322 | J63: 153222823 | K63: 105877228 | M63: 2406572
A64: 800128867 | B64: OPTION S.A. | C64: G4690 - Comercio al por mayor no especializado | D64: 43830 | E64: 20 NIIF Plenas - Separados | F64: Periodo Actual | G64: 18751710 | H64: 26169038 | I64: 10604180 | J64: 14376388 | K64: 11792650 | L64: 1304686 | M64: 461275
A65: 860002585 | B65: GRANITOS Y MARMOLES S.A.S. | C65: G4690 - Comercio al por mayor no especializado | D65: 43830 | E65: 20 NIIF Plenas - Separados | F65: Periodo Actual | G65: 57119425 | H65: 129799177 | I65: 51859493 | J65: 70461429 | K65: 59337748 | L65: 3342859 | M65: -1681582
A66: 800189687 | B66: ACEROS CORTADOS SAS | C66: C3290 - Otras industrias manufactureras n.c.p. | D66: 43830 | E66: 20 NIIF Plenas - Separados | F66: Periodo Actual | G66: 136052947 | H66: 153428265 | I66: 127449193 | J66: 132717241 | K66: 20711024 | L66: 4607730 | M66: 2360385
A67: 800209481 | B67: GUIRNALDAS/INNOVAFLORA SAS | C67: C3290 - Otras industrias manufactureras n.c.p. | D67: 43830 | E67: 20 NIIF Plenas - Separados | F67: Periodo Actual | G67: 22781385 | H67: 96262829 | I67: 20829912 | J67: 35166230 | K67: 61096599 | L67: 1079083 | M67: 7021661
A68: 860001386 | B68: JEN SA | C68: G4690 - Comercio al por mayor no especializado | D68: 43830 | E68: 20 NIIF Plenas - Separados | F68: Periodo Actual | G68: 57646774 | H68: 70869611 | I68: 5989641 | J68: 27234783 | K68: 43634828 | L68: 2417834 | M68: 1112476
A69: 830041598 | B69: Saint Gobain Colombia SAS | C69: C3290 - Otras industrias manufactureras n.c.p. | D69: 43830 | E69: 20 NIIF Plenas - Separados | F69: Periodo Actual | G69: 69472481 | H69: 345320780 | I69: 18053355 | J69: 18053355 | K69: 327267425 | L69: 2028676 | M69: 12268865
A70: 890911700 | B70: ELECTROLUMEN SAS | C70: G4690 - Comercio al por mayor no especializado | D70: 43830 | E70: 40 NIIF Pymes - Individuales | F70: Periodo Actual | G70: 9947753 | H70: 13386636 | I70: 6458507 | J70: 6458507 | K70: 6928129 | L70: 36044 | M70: 669670
A71: 890319790 | B71: PROIMPO SAS | C71: G4690 - Comercio al por mayor no especializado | D71: 43830 | E71: 40 NIIF Pymes - Individuales | F71: Periodo Actual | G71: 12768389 | H71: 16655085 | I71: 8705327 | J71: 9954602 | K71: 6700483 | L71: 1038619 | M71: 1321569
A72: 800045742 | B72: Persianas Alfa S.A. | C72: C3290 - Otras industrias manufactureras n.c.p. | D72: 43830 | E72: 40 NIIF Pymes - Individuales | F72: Periodo Actual | G72: 5595020 | H72: 10401001 | I72: 3209799 | J72: 3931039 | K72: 6469962 | L72: 385468 | M72: 259803
A73: 900358394 | B73: SOLUCIONES EN MATERIALES COMPUESTOS SAS | C73: G4690 - Comercio al por mayor no especializado | D73: 43830 | E73: 40 NIIF Pymes - Individuales | F73: Periodo Actual | G73: 4473673 | H73: 4477027 | I73: 2176715 | J73: 2176715 | K73: 2300312 | L73: 0 | M73: 398328
A74: 860075659 | B74: COMERCIALIZADORA INTERNACIONAL GEMOLOGIA Y TECNOLOGIA SAS | C74: G4690 - Comercio al por mayor no especializado | D74: 43830 | E74: 40 NIIF Pymes - Individuales | F74: Periodo Actual | G74: 5004729 | H74: 5004729 | I74: 2534908 | J74: 3011991 | K74: 1992738 | L74: 780141 | M74: 30716
A75: 800001266 | B75: Grafipapel sas | C75: G4690 - Comercio al por mayor no especializado | D75: 43830 | E75: 40 NIIF Pymes - Individuales | F75: Periodo Actual | G75: 517960 | H75: 517960 | I75: 66293 | J75: 66293 | K75: 451667 | M75: -709586
A76: 830116158 | B76: IMPORTADORA JAVI SAS | C76: G4690 - Comercio al por mayor no especializado | D76: 43830 | E76: 40 NIIF Pymes - Individuales | F76: Periodo Actual | G76: 5645353 | H76: 8706394 | I76: 4945174 | J76: 5732237 | K76: 2974157 | L76: 250507 | M76: 215959
A77: 805019220 | B77: ci direct marketing ltda en reorganizacion | C77: C3290 - Otras industrias manufactureras n.c.p. | D77: 43830 | E77: 40 NIIF Pymes - Individuales | F77: Periodo Actual | G77: 2235479 | H77: 2266493 | I77: 515821 | J77: 13190972 | K77: -10924479 | L77: 64 | M77: -4022043
A78: 830102622 | B78: AIRTEK ENGINEERING SAS | C78: G4690 - Comercio al por mayor no especializado | D78: 43830 | E78: 40 NIIF Pymes - Individuales | F78: Periodo Actual | G78: 1834883 | H78: 1908939 | I78: 728719 | J78: 798875 | K78: 1110064 | M78: 72150
A79: 800205493 | B79: SUPREMO PROMOCIONES S.A.S. | C79: G4690 - Comercio al por mayor no especializado | D79: 43830 | E79: 40 NIIF Pymes - Individuales | F79: Periodo Actual | G79: 19255862 | H79: 26272090 | I79: 8814380 | J79: 8814380 | K79: 17457710 | M79: 306461
A80: 830088925 | B80: IMPORTADORA TONIFA SAS | C80: G4690 - Comercio al por mayor no especializado | D80: 43830 | E80: 40 NIIF Pymes - Individuales | F80: Periodo Actual | G80: 6735834 | H80: 9763147 | I80: 6943424 | J80: 6943424 | K80: 2819723 | L80: 1440575 | M80: 34038
A81: 900400222 | B81: FLUID CONTAINMENT COLOMBIA SAS | C81: C3290 - Otras industrias manufactureras n.c.p. | D81: 43830 | E81: 40 NIIF Pymes - Individuales | F81: Periodo Actual | G81: 11964214 | H81: 14383138 | I81: 5326445 | J81: 5326445 | K81: 9056693 | M81: 1725072
A82: 830500205 | B82: OSAKA ELECTRONICS LTDA | C82: G4690 - Comercio al por mayor no especializado | D82: 43830 | E82: 40 NIIF Pymes - Individuales | F82: Periodo Actual | G82: 1621399 | H82: 1817440 | I82: 583584 | J82: 881362 | K82: 936078 | L82: 44960 | M82: 195111
A83: 900362719 | B83: DISTRIBUIDORA INFINITA SAS | C83: G4690 - Comercio al por mayor no especializado | D83: 43830 | E83: 40 NIIF Pymes - Individuales | F83: Periodo Actual | G83: 10109232 | H83: 10690651 | I83: 9025407 | J83: 9062895 | K83: 1627756 | L83: 946649 | M83: 454324
A84: 900481780 | B84: IMPOGEM SAS | C84: G4690 - Comercio al por mayor no especializado | D84: 43830 | E84: 40 NIIF Pymes - Individuales | F84: Periodo Actual | G84: 3722188 | H84: 3827222 | I84: 3687302 | J84: 3687302 | K84: 139920 | M84: 101048
A85: 860402002 | B85: COMBUSTION INGENIEROS SAS | C85: C3290 - Otras industrias manufactureras n.c.p. | D85: 43830 | E85: 40 NIIF Pymes - Individuales | F85: Periodo Actual | G85: 2086007 | H85: 6026224 | I85: 4699754 | J85: 4699754 | K85: 1326470 | L85: 44455 | M85: 223255
A86: 822000707 | B86: ALIMENTOS DEL LLANO SA | C86: G4690 - Comercio al por mayor no especializado | D86: 43830 | E86: 40 NIIF Pymes - Individuales | F86: Periodo Actual | G86: 3764250 | H86: 3929247 | I86: 2096715 | J86: 2722278 | K86: 1206969 | L86: 207107 | M86: 7519
A87: 890926933 | B87: GRUPO LITORAL S.A.S | C87: G4690 - Comercio al por mayor no especializado | D87: 43830 | E87: 40 NIIF Pymes - Individuales | F87: Periodo Actual | G87: 24116425 | H87: 47330345 | I87: 9200371 | J87: 12082433 | K87: 35247912 | L87: 71105 | M87: 2447827
A88: 900470112 | B88: REPRESENTACIONES Y EMPAQUES SAS | C88: G4690 - Comercio al por mayor no especializado | D88: 43830 | E88: 40 NIIF Pymes - Individuales | F88: Periodo Actual | G88: 1376691 | H88: 1417865 | I88: 270308 | J88: 388436 | K88: 1029429 | L88: 44077 | M88: 141698
A89: 830065914 | B89: FALEK LATINA SAS | C89: G4690 - Comercio al por mayor no especializado | D89: 43830 | E89: 40 NIIF Pymes - Individuales | F89: Periodo Actual | G89: 5590934 | H89: 6698575 | I89: 329286 | J89: 366918 | K89: 6331657 | L89: 49693 | M89: 315219
A90: 890932744 | B90: Suministros Glas SA | C90: G4690 - Comercio al por mayor no especializado | D90: 43830 | E90: 40 NIIF Pymes - Individuales | F90: Periodo Actual | G90: 7695858 | H90: 7815355 | I90: 3843924 | J90: 3890112 | K90: 3925243 | L90: 152442 | M90: 607347
A91: 900102214 | B91: HIGH PARTNER SAS | C91: G4690 - Comercio al por mayor no especializado | D91: 43830 | E91: 40 NIIF Pymes - Individuales | F91: Periodo Actual | G91: 835047 | H91: 840268 | I91: 3491590 | J91: 3491590 | K91: -2651322 | L91: 0 | M91: -1996778
A92: 830066020 | B92: TECNOINSUMOS LIMITADA | C92: G4690 - Comercio al por mayor no especializado | D92: 43830 | E92: 40 NIIF Pymes - Individuales | F92: Periodo Actual | G92: 2855522 | H92: 2855522 | I92: 785221 | J92: 785221 | K92: 2070301 | M92: 82882
A93: 811011781 | B93: UMP DE COLOMBIA S.A.S. | C93: G4690 - Comercio al por mayor no especializado | D93: 43830 | E93: 40 NIIF Pymes - Individuales | F93: Periodo Actual | G93: 7020439 | H93: 7804493 | I93: 2049878 | J93: 2171926 | K93: 5632567 | L93: 152124 | M93: 1840467
A94: 830058031 | B94: EQUIPO ELECTRICO LG LIMITADA | C94: G4690 - Comercio al por mayor no especializado | D94: 43830 | E94: 40 NIIF Pymes - Individuales | F94: Periodo Actual | G94: 10936731 | H94: 48600963 | I94: 3816642 | J94: 18736037 | K94: 29864926 | M94: 1292913
A95: 900404715 | B95: AP INGENIEROS SAS | C95: G4690 - Comercio al por mayor no especializado | D95: 43830 | E95: 40 NIIF Pymes - Individuales | F95: Periodo Actual | G95: 1356533 | H95: 1901653 | I95: 553057 | J95: 817176 | K95: 1084477 | L95: 162605 | M95: 128279
A96: 891100827 | B96: DISTRIBUCIONES ALDANA Y CIA S EN C | C96: G4690 - Comercio al por mayor no especializado | D96: 43830 | E96: 40 NIIF Pymes - Individuales | F96: Periodo Actual | G96: 8721247 | H96: 21228790 | I96: 13392597 | J96: 13401233 | K96: 7827557 | L96: 670975 | M96: 378828
A97: 830144607 | B97: CYMPLAST SOCIEDAD POR ACCIONES SIMPLIFICADA | C97: C3290 - Otras industrias manufactureras n.c.p. | D97: 43830 | E97: 40 NIIF Pymes - Individuales | F97: Periodo Actual | G97: 1006124 | H97: 2605596 | I97: 407021 | J97: 1349731 | K97: 1255865 | L97: 99908 | M97: 183761
A98: 900491855 | B98: Macro Distribuciones del Valle SAS | C98: G4690 - Comercio al por mayor no especializado | D98: 43830 | E98: 40 NIIF Pymes - Individuales | F98: Periodo Actual | G98: 3037006 | H98: 3037006 | I98: 2264627 | J98: 2264627 | K98: 772379 | M98: 77580
A99: 860030640 | B99: CI INDUSTRIAS HUMCAR SAS | C99: C3290 - Otras industrias manufactureras n.c.p. | D99: 43830 | E99: 40 NIIF Pymes - Individuales | F99: Periodo Actual | G99: 16730610 | H99: 24707038 | I99: 9281076 | J99: 12314853 | K99: 12392185 | L99: 3098171 | M99: 1568021
A100: 890937063 | B100: CORTINEROS LIDER SAS | C100: C3290 - Otras industrias manufactureras n.c.p. | D100: 43830 | E100: 40 NIIF Pymes - Individuales | F100: Periodo Actual | G100: 5259157 | H100: 7658219 | I100: 3664255 | J100: 4705692 | K100: 2952527 | L100: 441277 | M100: 219482
...

Sheet ESTADISTICA
C2: Activos corrientes totales | D2: Total de activos | E2: Pasivos corrientes totales | F2: Total pasivos | G2: Patrimonio total
C3: =+DATOS!G377 -> 7405629854 | D3: 11679410656 | E3: 4636852662 | F3: 6182571896 | G3: 5496838760
E5: Ganancia (pérdida) por actividades de operación | F5: Costos financieros
E6: 319180665 | F6: 348158651
C8: INDICADOR | D8: RESULTADO DE LA MUESTRA
C9: LIQUIDEZ | D9: =+E3/C3 -> 0.62612536
C10: ENDEUDAMIENTO | D10: =+F3/D3 -> 0.5293565
C11: RAZON COBERTURA DE INTERESES | D11: 0
C12: RENTABILDIAD DEL PATRIMONIO | D12: =+E6/G3 -> 0.058066223
C13: RENTABILIDAD DEL ACTIVO | D13: =+E6/D3 -> 0.027328491
